 Dungeon Crawl Stone Soup version 0.14-a0-1378-gf8e6a88 (webtiles) character file.

108979 MackTheKnife the Black Belt (level 16, 2/125 HPs)
             Began as a Vampire Monk on Dec 6, 2013.
             Was the Champion of Makhleb.
             Quit the game on Level 4 of the Shoals on Dec 8, 2013.
             The game lasted 01:42:47 (33901 turns).

MackTheKnife the Black Belt (Vampire Monk)         Turns: 33901, Time: 01:42:48

HP   2/125       AC 17     Str 10      XL: 16   Next:  1%
MP   7/29        EV 25     Int 12      God: Makhleb [******]
Gold 1161        SH  0     Dex 21      Spells:  3 memorised,  8 levels left

rFire  + . .     SeeInvis +       - Unarmed
rCold  + . .     Clarity  .     j - +2 mottled dragon armour
rNeg   . . .     Conserve .     (no shield)
rPois  .         rCorr    .     a - +2 hat of the Alchemist {rElec rF+ rC+ MR+}
rElec  +         rRot     .     z - +1 cloak {MR+}
SustAb . .       Spirit   +     n - -1 pair of gloves
rMut   .         Warding  .     m - +1 pair of boots {Stlth+}
Saprov . . .     Stasis   .     d - amulet of guardian spirit
                                i - ring of protection from magic
                                e - +5 ring of evasion

@: regenerating quickly, very poisoned, extraordinarily resistant to hostile
enchantments, quite stealthy
A: bottle blood, fangs 3, see invisible, unbreathing
a: Bottle Blood, Minor Destruction, Lesser Servant of Makhleb, Major
Destruction, Greater Servant of Makhleb, Renounce Religion


You were on level 4 of the Shoals.
You worshipped Makhleb.
Makhleb was exalted by your worship.
You were full.

You visited 6 branches of the dungeon, and saw 34 of its levels.
You also visited: Ossuary, Ice Cave and Wizlab.

You collected 3257 gold pieces.
You spent 2096 gold pieces at shops.


Innate Abilities, Weirdness & Mutations

Your natural rate of healing is unusually fast.
You can bottle blood from corpses.
You have razor-sharp teeth.*
You have supernaturally acute eyesight.
You can survive without breathing.*


   Skills:
 - Level 11.3 Fighting
 - Level 8.0 Armour
 + Level 11.3 Dodging
 + Level 10.3 Stealth
 - Level 18.4 Unarmed Combat
 - Level 5.1 Hexes
 - Level 5.0 Charms
 - Level 3.2 Ice Magic
 - Level 4.5 Air Magic
 - Level 10.0 Invocations


You had 8 spell levels left.
You knew the following spells:

 Your Spells              Type           Power        Failure   Level  Hunger
s - Swiftness             Chrm/Air       ##......     10%         2    ###....
x - Confuse               Hex            ##......     14%         3    ####...
z - Ensorcelled Hibernat  Hex/Ice        ##....       12%         2    ###....

Inventory:

Armour
 a - the +2 hat of the Alchemist (worn) {rElec rF+ rC+ MR+}
   (You bought it in a shop on level 4 of the Orcish Mines)

   It protects you from fire.
   It protects you from cold.
   It insulates you from electricity.
   It affects your resistance to hostile enchantments.
 j - a +2 mottled dragon armour (worn)
 m - a +1 pair of boots of stealth (worn)
 n - a -1 pair of gloves (worn)
 z - a +1 cloak of magic resistance (worn)
 E - the +0 cloak of Zeoxei {rElec rF+ rC+}
   (You found it in a wizard's laboratory)

   It protects you from fire.
   It protects you from cold.
   It insulates you from electricity.
Magical devices
 f - a wand of polymorph (3)
 h - a wand of digging (13)
 q - a wand of hasting (4)
 r - a wand of draining (3)
 w - a wand of disintegration (10)
 y - a wand of disintegration (9)
 C - a wand of teleportation (5)
Scrolls
 g - 4 scrolls of magic mapping
 k - a scroll of remove curse
 u - 3 scrolls of identify
 I - 3 scrolls of amnesia
 V - 4 scrolls of fog
 W - 2 scrolls of teleportation
Jewellery
 d - an amulet of guardian spirit (around neck)
 e - a +5 ring of evasion (left hand)
 i - a ring of protection from magic (right hand)
 s - an uncursed ring of regeneration
Potions
 b - 4 potions of restore abilities
 c - a potion of agility
 o - a potion of brilliance
 t - a potion of coagulated blood {@*1}
 v - a potion of blood {@*1}
 P - 4 potions of resistance
 Q - a potion of might
 R - a potion of flight
Miscellaneous
 p - a phial of floods
 L - a lamp of fire (inert)

···((≈≈≈≈≈≈≈≈≈ ≈≈P
····(≈≈≈≈≈≈≈≈≈PP≈P·b·
·····≈≈≈·≈≈≈≈≈P··≈··
·≈≈≈·≈≈≈·≈≈≈≈≈≈·≈≈·▒▒
·····≈≈··≈≈≈≈≈≈≈≈···▒ ··
···▒▒·≈≈≈≈≈≈≈≈≈≈≈···▒···
····▒··≈≈≈≈≈≈≈≈≈≈≈······
····
··≈≈≈≈≈≈≈≈≈≈≈≈≈·····
···· · ≈≈≈≈≈≈≈≈V·≈≈≈··≈≈
··▒ ≈≈≈≈≈≈≈≈≈≈·≈≈·≈≈≈
≈≈≈≈≈≈≈≈≈≈≈≈≈≈≈
≈≈≈≈≈≈≈≈≈≈≈≈≈≈≈
≈≈≈≈≈≈≈≈≈≈≈≈≈≈≈
≈≈≈≈≈≈≈≈≈≈≈≈≈
≈≈≈≈≈≈≈≈≈≈≈ ≈≈≈≈≈≈≈≈≈
≈≈≈


You could see a bat (sleeping).


Message History

Found a chain mail, a large rock and 18 arrows. 2 sheep come into view.
Read which item? (? for menu, Esc to quit)
As you read the scroll of teleportation, it crumbles to dust.
You feel strangely unstable.
* * * LOW HITPOINT WARNING * * *
You feel sick. The sheep bites you.
* * * LOW HITPOINT WARNING * * *
The cyclops throws a large rock.
The large rock crashes through you!
* * * LOW HITPOINT WARNING * * *
* * * LOW HITPOINT WARNING * * *
You feel very sick.
* * * LOW HITPOINT WARNING * * *
You feel very sick.
The cyclops throws a large rock.
The large rock crashes through you!
* * * LOW HITPOINT WARNING * * *
You hear a splash.
* * * LOW HITPOINT WARNING * * *
You feel very sick.
The cyclops throws a large rock.
The large rock crashes through you!
You see here a large rock.
Your surroundings suddenly seem different.
Splash!
You fall into the shallow water.
Moving in this stuff is going to be slow.
* * * LOW HITPOINT WARNING * * *
You feel sick.
Found a bread ration.
A bat comes into view.
Are you sure you want to abandon this character and quit the game? (Confirm with "yes".)

Action                   |  1- 3 |  4- 6 |  7- 9 | 10-12 | 13-15 | 16-18 || total
-------------------------+-------+-------+-------+-------+-------+-------++-------
Melee: Unarmed           |   110 |   194 |   618 |  1568 |  3304 |    31 ||  5825
 Cast: Ensorcelled Hiber |       |       |       |     3 |       |       ||     3
Invok: Greater Servant o |       |       |       |     1 |    15 |     1 ||    17
       Lesser Servant of |       |       |       |       |    22 |     1 ||    23
 Abil: End Transformatio |       |       |       |     3 |       |       ||     3
       Bat Form          |       |       |       |     3 |       |       ||     3
       Bottle Blood      |       |       |       |       |     1 |     1 ||     2
       Evoke Flight      |       |       |       |       |     1 |       ||     1
Evoke: Wand              |     1 |     1 |     5 |    21 |    15 |       ||    43
       lamp of fire      |       |       |       |       |     3 |       ||     3
       phial of floods   |       |       |       |       |     3 |       ||     3
  Use: Scroll            |     2 |    12 |     5 |    16 |    27 |     3 ||    65
       Potion            |       |     4 |     3 |    11 |    15 |     1 ||    34
 Stab: Sleeping          |     5 |     1 |     8 |    29 |    64 |       ||   107
       Distracted        |       |     2 |     1 |     4 |    26 |       ||    33
       Confused          |       |       |       |       |     3 |       ||     3
       Fleeing           |       |       |       |       |     1 |       ||     1
       Invisible         |       |       |       |       |     2 |       ||     2

Vault maps used:
D:1:      dpeg_entry_snail
D:2:      tso_altar, minitemple, minmay_misc_feat_tiny, uniq_sigmund,
          uniq_jessica
D:3:      uniq_iyjb, uniq_terence
D:4:      serial_glass, glass_columns_a, glass_columns_a, first_bread,
          st_stairs_13, grunt_ministairs_10, okawaru_altar_gauntlet_db,
          uniq_eustachio
D:5:      grunt_decor_mini_mirrors
D:7:      minmay_temple_entry_junction, enter_ossuary_2
D:8:      uniq_joseph, uniq_duvessa, uniq_psyche
D:9:      grunt_ministairs_9, grunt_pizzeria, uniq_edmund
D:10:     basic_altar, dk_noncrumbling_2, uniq_nergalle
D:11:     orc_0_dummy, lair_0_dummy, portal_ice_cave_entry_imps,
          nicolae_underground_beach, uniq_erolcha
D:12:     serial_ice, serial_ice_e, serial_ice_m, serial_ice_n, serial_ice_f,
          serial_ice_a, serial_ice_g, serial_ice_i, elyvilon_altar_2
D:13:     wad_woods_pond, uniq_maurice
D:14:     lemuel_castle_with_subvaults, minmay_misc_feat_cross
D:15:     david_vaults_1, basic_altar, serial_shops, shop
D:16:     gammafunk_enter_depths_forms, mu_enter_wizlab_3, uniq_snorg,
          uniq_azrael, uniq_sonja
Temple:   jpeg_temple_clearing_9
Orc:1:    serial_shops, shop, trog_butcher_becter
Orc:4:    serial_shops, shop, shop, shop, st_orc_rangers, uniq_erica
Lair:1:   minmay_stone_trees_small, infiniplex_staircase_pool, uniq_gastronok
Lair:2:   serial_bayou_shore_a
Lair:3:   nicolae_spider_entry_non_spiders, minmay_hedge_maze
Lair:4:   minmay_shoals_entry_sharks, serial_bayou_lagoon_a, uniq_rupert
Lair:5:   nicolae_swamp_entry_splash_gauntlet, minmay_lair_drake_nest
Lair:6:   zaba_anthole
Lair:7:   basic_altar
Lair:8:   guppyfry_lair_end_dragon, hangedman_lair_caniforms_friends,
          dpeg_slime_entry_enclosed_altar, serial_bayou_pond_a, st_stairs_13,
          lemuel_strawberry_fields
Shoals:1: uniq_fannar, uniq_louise, uniq_agnes
Shoals:2: lemuel_oklob_altar, uniq_nikola
Shoals:3: nicolae_shoals_flooded_hall, uniq_aizul
Shoals:4: hangedman_shoal_volcano, uniq_saint_roka
Ossuary:  minmay_ossuary_gauntlet
IceCv:    ice_cave_statue_garden_02
WizLab:   wizlab_golubria

Notes
Turn   | Place    | Note
--------------------------------------------------------------
     0 | D:1      | MackTheKnife, the Vampire Monk, began the quest for the Orb.
     0 | D:1      | Reached XP level 1. HP: 17/17 MP: 1/1
   243 | D:1      | Reached XP level 2. HP: 23/23 MP: 2/2
   259 | D:1      | Reached skill level 5 in Unarmed Combat
   555 | D:2      | Reached XP level 3. HP: 21/28 MP: 3/3
   751 | D:2      | Noticed Jessica
   758 | D:2      | Killed Jessica
   761 | D:2      | Noticed Sigmund
   813 | D:2      | Found a bloodstained altar of Trog.
   813 | D:2      | Found a basalt altar of Yredelemnul.
   825 | D:2      | Found a burning altar of Makhleb.
   832 | D:2      | Found a snail-covered altar of Cheibriados.
   834 | D:2      | Became a worshipper of Makhleb the Destroyer
   834 | D:2      | Acquired Makhleb's first power
   834 | D:2      | Acquired Makhleb's second power
   841 | D:2      | Found an iron altar of Okawaru.
   864 | D:2      | Reached skill level 6 in Unarmed Combat
   899 | D:2      | Found a glowing golden altar of the Shining One.
  1207 | D:2      | Reached XP level 4. HP: 34/34 MP: 4/4
  1913 | D:3      | Reached skill level 7 in Unarmed Combat
  1913 | D:3      | Reached XP level 5. HP: 11/39 MP: 5/5
  1971 | D:3      | Noticed Terence
  2001 | D:2      | Killed Terence
  2462 | D:3      | Noticed an ogre
  2470 | D:3      | Killed an ogre
  2621 | D:3      | Reached skill level 8 in Unarmed Combat
  2638 | D:3      | Reached XP level 6. HP: 27/46 MP: 3/6
  2968 | D:3      | Noticed Ijyb
  2980 | D:3      | Killed Ijyb
  3222 | D:4      | Noticed Eustachio
  3455 | D:4      | Acquired Makhleb's third power
  3638 | D:4      | Reached skill level 9 in Unarmed Combat
  3638 | D:4      | Reached XP level 7. HP: 42/51 MP: 4/7
  3825 | D:4      | Found an iron altar of Okawaru.
  3986 | D:5      | Entered Level 5 of the Dungeon
  4153 | D:5      | Reached skill level 10 in Unarmed Combat
  4186 | D:5      | Reached skill level 4 in Dodging
  4448 | D:5      | Reached skill level 5 in Dodging
  4448 | D:5      | Reached XP level 8. HP: 57/57 MP: 8/8
  4513 | D:5      | Learned a level 2 spell: Ensorcelled Hibernation
  4522 | D:5      | Reached skill level 6 in Dodging
  4646 | D:5      | Acquired Makhleb's fourth power
  4732 | D:5      | Reached skill level 7 in Dodging
  4734 | D:5      | Got a twisted long sword
  5078 | D:6      | Reached skill level 8 in Dodging
  5179 | D:6      | Noticed a two-headed ogre
  5194 | D:6      | Killed a two-headed ogre
  5194 | D:6      | Reached skill level 9 in Dodging
  5200 | D:6      | Reached XP level 9. HP: 62/62 MP: 6/9
  5452 | D:6      | Reached skill level 10 in Dodging
  5551 | D:6      | Reached skill level 1 in Hexes
  5674 | D:7      | Found a sand-covered staircase.
  5679 | Ossuary  | Entered an ossuary
  5732 | Ossuary  | Acquired Makhleb's fifth power
  5763 | Ossuary  | Reached skill level 4 in Stealth
  5763 | Ossuary  | Reached skill level 2 in Hexes
  5873 | D:7      | Reached skill level 3 in Hexes
  5963 | D:7      | Reached skill level 5 in Stealth
  6115 | D:7      | Reached skill level 4 in Hexes
  6195 | D:7      | Got a transparent trident
  6196 | D:7      | Identified the +5,+6 trident "Xozelol" {pierce, Int+1 SInv} (You found it on level 7 of the Dungeon)
  6196 | D:7      | Identified the +5,+6 trident "Xozelol" {pierce, Int+1 SInv} (You found it on level 7 of the Dungeon)
  6207 | D:7      | Found a staircase to the Ecumenical Temple.
  6218 | D:7      | Reached skill level 6 in Stealth
  6281 | D:7      | Reached skill level 5 in Hexes
  6398 | D:7      | Reached skill level 1 in Ice Magic
  6489 | Temple   | Entered the Ecumenical Temple
  6561 | D:8      | Noticed Joseph
  6575 | D:8      | Reached skill level 7 in Stealth
  6742 | D:8      | Reached skill level 2 in Ice Magic
  6778 | D:8      | Noticed Dowan
  7064 | D:8      | Reached skill level 3 in Ice Magic
  7068 | D:8      | Reached skill level 8 in Stealth
  7085 | D:8      | Noticed Psyche
  7097 | D:8      | Killed Psyche
  7218 | D:8      | Reached XP level 10. HP: 68/68 MP: 10/10
  7578 | D:8      | Noticed Duvessa
  7592 | D:9      | Reached skill level 11 in Unarmed Combat
  8153 | D:9      | Noticed Edmund
  8187 | D:9      | Killed Edmund
  8378 | D:10     | Entered Level 10 of the Dungeon
  8414 | D:10     | Found an iron altar of Okawaru.
  8787 | D:10     | Reached skill level 12 in Unarmed Combat
  8855 | D:10     | Reached skill level 3 in Fighting
  8897 | D:10     | Noticed Nergalle
  9212 | D:11     | Found a staircase to the Lair.
  9282 | D:11     | Noticed Erolcha
  9289 | D:11     | Paralysed by a potion of paralysis for 3 turns
  9298 | D:11     | Killed Erolcha
  9298 | D:11     | Reached skill level 5 in Fighting
  9491 | D:11     | Found a staircase to the Orcish Mines.
  9539 | D:11     | Found a frozen archway.
  9603 | IceCv    | Entered an ice cave
  9705 | IceCv    | Reached skill level 6 in Fighting
  9770 | IceCv    | Noticed an ice statue
  9770 | IceCv    | Noticed an ice statue
  9770 | IceCv    | Noticed an ice statue
 10034 | Lair:1   | Entered Level 1 of the Lair of Beasts
 10179 | Lair:1   | Reached skill level 7 in Fighting
 10244 | Lair:1   | Noticed an eight-headed hydra
 10284 | Lair:1   | Noticed an eight-headed hydra
 10485 | Lair:1   | Reached XP level 11. HP: 47/84 MP: 4/11
 10526 | Lair:1   | Reached skill level 8 in Fighting
 11148 | Lair:1   | Noticed Gastronok
 11165 | Lair:1   | Killed Gastronok
 11165 | Lair:1   | Reached skill level 9 in Fighting
 11671 | Lair:2   | Reached skill level 10 in Fighting
 11690 | Lair:2   | Noticed a five-headed hydra
 11723 | Lair:2   | Noticed an eight-headed hydra
 11822 | Lair:2   | Killed a five-headed hydra
 12055 | Lair:2   | Reached skill level 11 in Fighting
 12131 | Lair:2   | Noticed a great orb of eyes
 12131 | Lair:2   | an eight-headed hydra changed into a great orb of eyes
 12154 | Lair:2   | Killed a great orb of eyes
 12548 | Lair:3   | Found a hole to the Spider Nest.
 12727 | Lair:3   | Reached XP level 12. HP: 94/100 MP: 10/12
 12883 | Lair:4   | Reached skill level 1 in Invocations
 12925 | Lair:4   | Reached skill level 2 in Invocations
 13292 | Lair:4   | Reached skill level 3 in Invocations
 13442 | Lair:4   | Noticed Rupert
 13445 | Lair:4   | Upgraded the game from 0.14-a0-1330-g3eed206 to 0.14-a0-1361-g0512ea0
 13569 | Lair:4   | Found a staircase to the Shoals.
 13573 | Lair:4   | Reached skill level 4 in Invocations
 13766 | Lair:4   | Reached skill level 5 in Invocations
 14088 | Lair:4   | Reached skill level 6 in Invocations
 14206 | Lair:4   | Killed Rupert
 14206 | Lair:4   | Reached skill level 7 in Invocations
 14364 | Lair:5   | Learned a level 3 spell: Confuse
 14496 | Lair:5   | Reached skill level 8 in Invocations
 14790 | Lair:5   | Reached skill level 9 in Invocations
 14799 | Lair:5   | Noticed a seven-headed hydra
 15249 | Lair:5   | Found a staircase to the Swamp.
 15291 | Lair:5   | the staircase to the Swamp was a mimic.
 15378 | Lair:6   | Noticed a seven-headed hydra
 15574 | Lair:6   | Reached XP level 13. HP: 106/106 MP: 22/26
 15687 | Lair:6   | Learned a level 2 spell: Swiftness
 15851 | Lair:6   | Reached skill level 10 in Invocations
 16036 | Lair:6   | Reached skill level 1 in Charms
 16036 | Lair:6   | Reached skill level 1 in Air Magic
 16102 | Lair:6   | Reached skill level 2 in Charms
 16211 | Lair:6   | Killed a seven-headed hydra
 16211 | Lair:6   | Reached skill level 2 in Air Magic
 16372 | Lair:7   | Reached skill level 3 in Charms
 16372 | Lair:7   | Reached skill level 3 in Air Magic
 16614 | Lair:7   | Found an iron altar of Okawaru.
 16808 | Lair:8   | Entered Level 8 of the Lair of Beasts
 16848 | Lair:8   | Reached skill level 4 in Charms
 17188 | Lair:8   | Reached skill level 4 in Air Magic
 17213 | Lair:8   | Found a viscous altar of Jiyva.
 17213 | Lair:8   | Found a staircase to the Slime Pits.
 17439 | Lair:8   | Reached skill level 5 in Charms
 17717 | Lair:8   | Reached skill level 1 in Armour
 17814 | Lair:8   | Reached skill level 2 in Armour
 17985 | Lair:8   | Reached skill level 3 in Armour
 18099 | Lair:8   | Got a shimmering buckler
 18103 | Lair:8   | Identified the +0 buckler of Mezcal {rC++ Stlth-} (You found it on level 8 of the Lair of Beasts)
 18493 | Lair:8   | Reached skill level 4 in Armour
 18721 | Lair:8   | Reached skill level 5 in Armour
 19054 | Lair:2   | Reached skill level 6 in Armour
 19268 | Orc:1    | Entered Level 1 of the Orcish Mines
 19506 | Orc:2    | Reached XP level 14. HP: 70/113 MP: 12/27
 19900 | Orc:1    | Found a bloodstained altar of Trog.
 20166 | Orc:1    | Found Vastuaf's Assorted Antiques.
 20176 | Orc:1    | Bought a metallic silvery potion for 26 gold pieces
 20176 | Orc:1    | Bought a potion of might for 72 gold pieces
 20176 | Orc:1    | Bought a scroll of identify for 58 gold pieces
 20249 | Orc:3    | Reached skill level 7 in Armour
 20318 | Orc:3    | Found a staircase to the Elven Halls.
 20684 | Orc:4    | Entered Level 4 of the Orcish Mines
 20731 | Orc:4    | Noticed Erica
 20739 | Orc:4    | Killed Erica
 20749 | Orc:4    | Found Qeos' Magic Scroll Emporium.
 20770 | Orc:4    | Bought a scroll of summoning for 152 gold pieces
 20770 | Orc:4    | Bought a scroll of blinking for 88 gold pieces
 20790 | Orc:4    | Found Soitoik's Assorted Antiques.
 20807 | Orc:4    | Bought a scroll labeled DUXTYD QUTOO for 29 gold pieces
 20807 | Orc:4    | Bought a potion of heal wounds for 87 gold pieces
 20950 | Orc:4    | Found Smyrajoa's Armour Boutique.
 21183 | Orc:4    | Found Pekkaed's General Store.
 21183 | Orc:4    | Found Keppugu's Magic Scroll Emporium.
 21186 | Orc:4    | Found Enatiove's Armour Shoppe.
 21188 | Orc:4    | Found Fraiduar's Food Boutique.
 21281 | Orc:4    | Bought a scroll of enchant armour for 66 gold pieces
 21281 | Orc:4    | Bought a scroll of identify for 24 gold pieces
 21285 | Orc:4    | Bought the +2 hat of the Alchemist {rElec rF+ rC+ MR+} for 1310 gold pieces
 21695 | Orc:4    | Reached skill level 8 in Armour
 21892 | Lair:2   | Upgraded the game from 0.14-a0-1361-g0512ea0 to 0.14-a0-1378-gf8e6a88
 22106 | D:12     | Found a white marble altar of Elyvilon.
 22532 | D:12     | Reached skill level 13 in Unarmed Combat
 23679 | D:13     | Noticed Maurice
 23696 | D:13     | Killed Maurice
 23850 | D:14     | Reached skill level 14 in Unarmed Combat
 25323 | D:14     | Reached skill level 15 in Unarmed Combat
 25476 | D:14     | Paralysed by a giant eyeball for 4 turns
 25489 | D:15     | Entered Level 15 of the Dungeon
 26158 | D:15     | Found Rasar's Armour Shop.
 26350 | D:15     | Reached XP level 15. HP: 104/119 MP: 18/28
 26452 | D:15     | Found a glowing golden altar of the Shining One.
 26526 | D:15     | Reached skill level 16 in Unarmed Combat
 26831 | D:15     | Found a gate to the Vaults.
 26976 | D:16     | Entered Level 16 of the Dungeon
 26978 | D:16     | Noticed Sonja
 27353 | D:16     | Noticed Azrael
 27608 | D:16     | Killed Sonja
 27730 | D:16     | Noticed Snorg
 27730 | D:16     | Found a staircase to the Depths.
 27734 | D:16     | Reached skill level 17 in Unarmed Combat
 27754 | D:16     | HP: 11/119 [Snorg (7)]
 27944 | D:16     | Killed Azrael
 28243 | D:16     | Found a magical portal.
 28333 | WizLab   | Entered a wizard's laboratory
 28335 | WizLab   | Found a corrupted altar of Lugonu.
 28335 | WizLab   | Noticed an eldritch tentacle
 28335 | WizLab   | Noticed an eldritch tentacle
 28540 | WizLab   | Noticed Gorice's ghost (mighty LOWn)
 28620 | WizLab   | Noticed a tentacled monstrosity
 28629 | WizLab   | Killed a tentacled monstrosity
 28721 | WizLab   | Noticed an Executioner
 28725 | WizLab   | Reached skill level 18 in Unarmed Combat
 28999 | WizLab   | Identified Sif Muna's Reference Book on Orientation (You found it in a wizard's laboratory)
 29425 | WizLab   | Got a faintly glowing cloak
 29431 | WizLab   | Got a slimy cloak
 29622 | WizLab   | Got a shimmering cloak
 29655 | D:16     | Identified the cursed -4 cloak "Urran" {rPois Acc+3 SInv} (You found it in a wizard's laboratory)
 29884 | D:16     | Killed Snorg
 30222 | Orc:4    | Bought 3 scrolls of identify for 72 gold pieces
 30223 | Orc:4    | Identified the +2 cloak "Jiecew" {Int+2 Acc+6} (You found it in a wizard's laboratory)
 30224 | Orc:4    | Identified the +0 cloak of Zeoxei {rElec rF+ rC+} (You found it in a wizard's laboratory)
 30425 | Shoals:1 | Entered Level 1 of the Shoals
 30447 | Shoals:1 | Noticed Agnes
 30517 | Spider:1 | Entered Level 1 of the Spider Nest
 31414 | Orc:4    | Bought 2 scrolls of magic mapping for 112 gold pieces
 32245 | Shoals:1 | Reached skill level 9 in Stealth
 32501 | Shoals:2 | Reached skill level 11 in Dodging
 33071 | Shoals:2 | Reached skill level 10 in Stealth
 33387 | Shoals:3 | Reached XP level 16. HP: 113/125 MP: 24/29
 33896 | Shoals:4 | HP: 11/125 [cyclops/ large rock (5)]
 33899 | Shoals:4 | HP: 3/125 [poisoned by a sea snake]
 33901 | Shoals:4 | Quit the game

Vanquished Creatures
  A red draconian (WizLab)
  Gastronok (Lair:1)
  4 hydras
  A great orb of eyes (Lair:2)
  Erica (Orc:4)
  A thrashing horror (WizLab)
  A very ugly thing (D:16)
  Erolcha (D:11)
  4 centaur warriors
  3 unseen horrors
  6 sea snakes
  5 orc knights
  4 hill giants
  2 wizards
  2 harpies (Shoals:1)
  An ironbrand convoker (D:15)
  An anaconda skeleton (WizLab)
  2 giant orange brains
  A sixfirhy (WizLab)
  5 griffons
  2 orc sorcerers
  A cyclops (Shoals:2)
  8 slime creatures
  13 elephants
  Maurice (D:13)
  3 octopodes
  4 black mambas
  A feature mimic (Lair:5)
  A smoke demon (WizLab)
  5 spiny frogs
  Psyche (D:8)
  A deep elf summoner (WizLab)
  A yaktaur (D:14)
  A demonic crawler (Lair:3)
  4 mermaids
  A redback zombie (D:16)
  A hellwing (WizLab)
  5 fire drakes
  3 trolls
  A giant firefly (shapeshifter) (D:16)
  7 komodo dragons
  6 polar bears
  4 two-headed ogres
  2 ancient zymes (WizLab)
  19 blink frogs
  7 snapping turtles
  A trapdoor spider (D:15)
  A griffon zombie (D:12)
  32 ugly things
  4 basilisks
  A grizzly bear (shapeshifter) (D:16)
  A griffon skeleton (D:15)
  6 grizzly bears (Lair:8)
  47 yaks
  A wyvern (D:15)
  4 fire elementals (D:16)
  5 water elementals
  2 elephant slugs
  14 sharks
  A vampire (D:16)
  A wraith (D:14)
  7 manticores
  14 merfolk
  20 wolves
  4 steam dragons
  A hill giant skeleton (D:14)
  8 vampire mosquitoes
  A necrophage (D:7)
  Edmund (D:9)
  A mottled dragon (Lair:8)
  2 swamp worms (Lair:5)
  11 hippogriffs
  A soldier ant (D:12)
  2 spatial vortices (WizLab)
  3 hell hounds
  4 porcupines
  2 swamp drakes (Lair:8)
  2 small abominations (WizLab)
  2 phantoms
  2 yellow wasps
  4 sky beasts
  11 giant goldfish
  8 black bears
  26 orc warriors
  A deep dwarf (D:9)
  8 crocodiles
  17 ogres
  10 ice beasts
  2 boring beetles (Lair:8)
  14 centaurs
  20 wargs
  An elf zombie (Ossuary)
  13 giant frogs
  7 giant slugs
  A giant slug zombie (D:15)
  3 big kobolds
  A gnoll sergeant (D:8)
  A hill giant simulacrum (D:12)
  3 water moccasins
  2 agate snails
  An earth elemental (WizLab)
  An insubstantial wisp (WizLab)
  A manticore zombie (D:6)
  2 cyclops skeletons
  A wyvern skeleton (D:14)
  11 killer bees
  A troll zombie (D:9)
  A yak zombie (D:12)
  10 jellyfish
  A troll skeleton (D:11)
  17 electric eels
  8 goliath beetles
  11 big fish
  5 crimson imps
  4 quasits
  A wyvern simulacrum (D:12)
  10 scorpions
  A centaur skeleton (D:7)
  8 iguanas
  2 jellies
  21 orc wizards
  A giant frog skeleton (D:5)
  16 hounds
  A cyclops simulacrum (D:12)
  A hippogriff simulacrum (D:12)
  14 orc priests
  A yak simulacrum (D:12)
  19 worker ants
  3 big kobold zombies
  An ogre zombie (D:8)
  Ijyb (D:3)
  Jessica (D:2)
  A mottled dragon zombie (D:16)
  A sheep (Orc:1)
  A boggart (WizLab)
  Terence (D:2)
  3 mummies
  29 adders
  8 gnolls
  22 green rats
  A sky beast simulacrum (D:12)
  An inept item mimic (Ossuary)
  4 giant centipedes
  13 white imps
  6 worms
  4 giant mites
  2 iguana skeletons
  2 adder skeletons
  2 giant eyeballs
  8 giant geckos
  2 oozes (D:1)
  151 orcs
  A ball python (D:1)
  A bat zombie (D:5)
  5 giant cockroaches
  A gnoll zombie (Ossuary)
  17 goblins
  16 hobgoblins
  24 jackals
  17 quokkas
  25 bats
  A giant gecko skeleton (D:4)
  2 giant newts
  4 goblin zombies (Ossuary)
  A hobgoblin zombie (Ossuary)
  A jackal skeleton (D:5)
  25 kobolds
  A kobold skeleton (D:7)
  An orc skeleton (D:10)
  6 orc zombies
  A quokka skeleton (D:8)
  22 rats
  3 ballistomycetes (D:7)
1126 creatures vanquished.

Vanquished Creatures (collateral kills)
  A tentacled monstrosity (WizLab)
  Rupert (Lair:4)
  A blizzard demon (WizLab)
  Azrael (D:16)
  Snorg (D:16)
  A fire dragon (Lair:8)
  2 rakshasas (D:16)
  A very ugly thing (D:16)
  3 death yaks (Lair:8)
  An unseen horror (D:16)
  A hill giant (D:16)
  A harpy (Shoals:1)
  An orc knight (Orc:1)
  A cyclops (D:16)
  A griffon (D:16)
  An octopode (WizLab)
  A spiny frog (Lair:7)
  A red devil (WizLab)
  A hellwing (WizLab)
  Sonja (D:16)
  2 polar bears (Lair:8)
  A hydra skeleton (D:16)
  A slime creature (D:16)
  3 grizzly bears (Lair:8)
  A basilisk (Lair:8)
  2 fire elementals (D:16)
  A hungry ghost (D:16)
  5 yaks
  An ugly thing (WizLab)
  2 wolves (Lair:8)
  2 manticores (D:16)
  2 spatial vortices (WizLab)
  A mottled dragon (Lair:8)
  2 hell hounds (Lair:8)
  A freezing wraith (D:16)
  A small abomination (WizLab)
  11 orc warriors
  A crocodile (Lair:8)
  2 centaurs (Orc:4)
  3 wargs (D:14)
  A giant frog (Lair:7)
  2 killer bees (D:16)
  A hound (Lair:8)
  5 orc wizards
  An orc priest (Orc:2)
  A worker ant (Orc:1)
  An adder (Lair:7)
  28 orcs
  A goblin (Orc:1)
  A plant (Lair:8)
110 creatures vanquished.

Vanquished Creatures (others)
  An Executioner (Orc:4)
  A balrug (WizLab)
  A cacodemon (Orc:4)
  3 blizzard demons
  2 orange demons
  A smoke demon (Orc:4)
  4 hellwings
  3 ugly things (D:16)
  A water elemental (D:16)
  5 ynoxinuls
  A neqoxec (Orc:4)
  3 orc warriors (Orc:4)
  A centaur (Orc:4)
  A crocodile (Lair:8)
  15 ufetubi
  A jackal (Lair:1)
  A giant spore (D:7)
  A butterfly (Lair:8)
  1900 eldritch tentacle segments (WizLab)
  A fungus (Lair:8)
  10 plants
  9 tentacles (Shoals:3)
  191 tentacle segments (Shoals:3)
2157 creatures vanquished.

Grand Total: 3393 creatures vanquished
